AoeStats
← Huskarls4

MegaRandom

515827882Analyzed
4v4 RM · 13d ago on Oct 24, 2026· 42m 55s· 8 players
Game mode
Random Map
Map size
Large (8 player)
Population
200
Speed
Normal
Resources
Standard
Victory
Conquest
Starting age
Dark Age
Ending age
Imperial Age
RankedLock teamsTeams togetherTeam positionsShared explorationLock speedFull tech treeHidden civsTurbo modeCheats
Victory
Defeat
🇨🇴 Britons · Colombia
1596
+10
🇫🇷 Romans · France
1502
+13
🇫🇷 Khmer · France
1485
+14
🇨🇱 Poles · Chile
1414
+16
vs
🇬🇧 Berbers · United Kingdom
1464
-14
🇷🇺 Saxons · Russia
1452
-14
🇲🇽 Muisca · Mexico
1442
-13
🇵🇱 Vietnamese · Poland
1408
-12
Huskarls4
6:44 Loom
9:54 Feudal Age
10:43 Double-Bit Axe
17:31 Forging
24:07 Castle Age
23:19 Bloodlines
23:14 Horse Collar
24:56 Scale Barding Armor
30:29 Iron Casting
33:55 Bow Saw
36:36 Wheelbarrow
36:48 Chain Barding Armor
36:50 Husbandry
39:47 Fletching
41:12 Bodkin Arrow
42:58 Gold Mining
martelaxe
6:01 Loom
9:16 Feudal Age
18:31 Double-Bit Axe
31:16 Castle Age
31:38 Crossbowman
34:28 Fletching
35:13 Bodkin Arrow
36:40 Ballistics
38:26 Gold Mining
more
6:45 Loom
10:04 Feudal Age
10:44 Double-Bit Axe
10:41 Horse Collar
18:30 Scale Barding Armor
18:50 Bloodlines
19:50 Bloodlines
20:19 Forging
25:04 Castle Age
23:04 Fishing Lines
26:11 Chain Barding Armor
27:07 Bow Saw
28:09 Husbandry
31:51 Gillnets
31:57 Gillnets
32:02 Fletching
33:25 Chatras
35:48 Gold Mining
37:27 Iron Casting
boomer2000
7:44 Loom
10:04 Feudal Age
12:55 Double-Bit Axe
13:14 Fletching
13:59 Town Watch
17:51 Horse Collar
23:00 Wheelbarrow
27:59 Castle Age
27:11 Gold Mining
29:35 Bow Saw
42:03 Fishing Lines
76nateK
6:55 Loom
9:26 Feudal Age
9:36 Man-at-Arms
10:58 Scale Mail Armor
13:16 Double-Bit Axe
14:43 Horse Collar
19:23 Forging
24:55 Castle Age
25:15 Long Swordsman
25:58 Squires
26:19 Bow Saw
26:29 Chain Mail Armor
32:23 Wheelbarrow
32:44 Ballistics
41:00 Imperial Age
41:39 Ballistas
41:23 Heavy Scorpion
43:24 Chemistry
Ketan67
7:20 Loom
10:23 Feudal Age
10:56 Double-Bit Axe
10:54 Horse Collar
16:52 Scale Barding Armor
17:56 Forging
19:44 Gold Mining
23:41 Castle Age
23:49 Bloodlines
23:49 Light Cavalry
24:31 Husbandry
25:28 Town Watch
26:21 Wheelbarrow
28:17 Town Watch
32:51 Gold Shaft Mining
34:45 Chain Barding Armor
36:49 Iron Casting
45:26 Imperial Age
43:12 Hand Cart
dialchacri
6:27 Loom
9:36 Feudal Age
13:25 Fletching
17:58 Double-Bit Axe
25:51 Castle Age
24:13 Padded Archer Armor
25:56 Horse Collar
26:30 Bodkin Arrow
26:48 Bow Saw
26:39 Crossbowman
28:35 Town Watch
31:06 Wheelbarrow
33:50 Ballistics
38:36 Hand Cart
42:17 Imperial Age
41:12 Yeomen
43:00 Bracer
44:09 Chemistry
Ranchero
6:23 Loom
10:02 Feudal Age
12:07 Double-Bit Axe
14:03 Horse Collar
19:06 Forging
21:57 Bloodlines
27:58 Castle Age
28:49 Husbandry
28:12 Light Cavalry
29:01 Scale Barding Armor
29:31 Iron Casting
32:27 Gold Mining
42:31 Stone Mining
Connection lost

Rejoining the realm…

Still unreachable

The connection could not be restored.

Session expired

The server has moved on; the page needs a fresh start.